 Dungeon Crawl Stone Soup version 0.29.0-4-gdea44cf6ec (webtiles) character file.

Game seed: 13318350297293901802

9 qw the Sneak (level 2, -3/19 HPs)
             Began as a Gargoyle Delver on Sept 10, 2022.
             Splashed by a jelly's acid (4 damage)
             ... on level 5 of the Dungeon.
             The game lasted 00:00:04 (161 turns).

qw the Sneak (Gargoyle Delver)                       Turns: 161, Time: 00:00:04

Health: -3/19      AC: -2    Str: 15    XL:     2   Next: 16%
Magic:  2/2        EV: 11    Int: 10    God:
Gold:   14         SH:  0    Dex: 11    Spells: 1/1 levels left

rFire   . . .      SeeInvis .   a - +0 hand axe
rCold   . . .      Faith    .   (no shield)
rNeg    + . .      Spirit   .   b - +0 leather armour
rPois   inf        Reflect  .   (no helmet)
rElec   +          Harm     .   (no cloak)
rCorr   .          Rampage  .   (no gloves)
Will    .....                   (no boots)
Stlth   +++.......              (no amulet)
HPRegen 0.06/turn               (no ring)
MPRegen 0.08/turn               (no ring)

@: corroded
A: sickness immunity, AC +2, negative energy resistance 1, electricity
resistance, torment resistance 1, petrification resistance
a: no special abilities


You were on level 5 of the Dungeon.
You visited 1 branch of the dungeon, and saw 1 of its levels.

You collected 14 gold pieces.


Innate Abilities, Weirdness & Mutations

You are immune to sickness and miasma.
Your stone body is resilient. (AC +2)
You are immune to poison.
You resist negative energy. (rN+)
You are resistant to electric shocks. (rElec)
You are resistant to unholy torment.
You are immune to petrification.


   Skills:
 - Level 3.2 Fighting
 + Level 2.5 Axes
 - Level 1.5 Dodging
 - Level 5.4 Stealth


You had one spell level left.
You didn't know any spells.
Your spell library was empty.

Inventory:

Hand Weapons
 a - a +0 hand axe (weapon)
Armour
 b - a +0 leather armour (worn)
Wands
 g - a wand of digging (3)
Scrolls
 c - a scroll of fog
 d - a scroll of magic mapping
 e - a scroll of fear
 h - a scroll of brand weapon {unknown}
Potions
 f - a potion of haste

Dungeon Overview and Level Annotations

Branches:
Dungeon (5/15)
 Temple: D:4-7

Altars:


Message History

You hit the adder.
The adder is almost dead.
The adder bites you.
You slash the adder!
You kill the adder!
Your Axes skill increases to level 2!
You have reached level 2!
You start resting.
HP restored.
You now have 14 gold pieces.
An iguana is nearby!
53 ||| Stepping ~*~*~tactically~*~*~ (stealth).
Found a falchion.
h - a scroll labelled BACLAZ BIGROA An adder comes into view.
Found a stone staircase leading down.
A jelly comes into view.
You see here 5 boomerangs.
Enter note:
143 ||| Stepping ~*~*~tactically~*~*~ (stealth).
You see here 5 boomerangs.
148 ||| Stepping ~*~*~tactically~*~*~ (stealth).
149 ||| Stepping ~*~*~tactically~*~*~ (stealth).
The jelly quivers.
You see here 5 boomerangs.
You hit the jelly. The acid corrodes you!
Your hands burn!
The jelly is lightly wounded.
The jelly hits you.
You are splashed with acid!
The jelly closely misses you.
You hit the jelly.
Your hands burn!
The jelly is heavily wounded.
The jelly jiggles.
The jelly closely misses you.
You hit the jelly but do no damage. The acid corrodes you!
Your hands burn!
The jelly is heavily wounded.
The jelly barely misses you.
You hit the jelly but do no damage.
Your hands burn!
The jelly is heavily wounded.
The adder hisses angrily.
The jelly closely misses you.
You slash the jelly!
Your hands burn!
You die...

######.##...#.#.########
#......#.#.#.......
####..##.....# ##.
###.### #.####.#
#......####
###.###.....#
#..>..#.....# #....@..#
#.#.J...# #.#.....#
.....#### ##S#### ...
... .#.


You could see a jelly and an adder.

Vanquished Creatures
  An adder (D:5)
1 creature vanquished.

Notes
Turn   | Place    | Note
-------+----------+-------------------------------------------
     0 | D:5      | qw the Gargoyle Delver began the quest for the Orb.
     0 | D:5      | Reached XP level 1. HP: 14/14 MP: 1/1
     0 | D:5      | 0 ||| qw: Version: 0.1-a-117-gfe26ee0
     0 | D:5      | 0 ||| qw: Game counter: 9772
     0 | D:5      | 0 ||| qw: Always use a shield: true
     0 | D:5      | 0 ||| qw: God list: Okawaru
     0 | D:5      | 0 ||| qw: Allow faded altars: false
     0 | D:5      | 0 ||| qw: Do Orc after D:15 true
     0 | D:5      | 0 ||| qw: Do second Lair branch before Depths: true
     0 | D:5      | 0 ||| qw: Lair rune preference: random
     0 | D:5      | 0 ||| qw: Plans: Normal
     0 | D:5      | 0 ||| PLANNING D:1-11
    22 | D:5      | Noticed an iguana
    23 | D:5      | 23 ||| Stepping ~*~*~tactically~*~*~ (stealth).
    25 | D:5      | 25 ||| Stepping ~*~*~tactically~*~*~ (stealth).
    35 | D:5      | Reached XP level 2. HP: 18/19 MP: 2/2
    53 | D:5      | 53 ||| Stepping ~*~*~tactically~*~*~ (stealth).
   143 | D:5      | 143 ||| Stepping ~*~*~tactically~*~*~ (stealth).
   148 | D:5      | 148 ||| Stepping ~*~*~tactically~*~*~ (stealth).
   149 | D:5      | 149 ||| Stepping ~*~*~tactically~*~*~ (stealth).
   160 | D:5      | HP: 1/19 [acid (4)]
   161 | D:5      | Splashed by a jelly's acid

Levels and vault maps discovered:
D:5:      layout_loops_cross, lemuel_old_faithful, uniq_eustachio

Skill      XL: |  1 |
---------------+----+-----
Axes           | 2 |  2.5
Fighting       | |  3.2
Dodging        | |  1.5
Stealth        | |  5.4

Action                   || total
-------------------------++-------
Melee: Hand axe          ||    14
Armor: Leather armour    ||     5
Dodge: Dodged            ||    10

Table legend:
 A = Non-vault XP
 B = Vault XP
 C = Vault XP percentage of total XP
 D = Non-vault monster count
 E = Vault monster count
 F = Vault count percentage of total count
                 A         B        C        D         E       F
            +---------+---------+-------+---------+---------+-------
      Total |      14 |       0 |   0.0 |       1 |       0 |   0.0
            +---------+---------+-------+---------+---------+-------
        D:5 |      14 |       0 |   0.0 |       1 |       0 |   0.0
            +---------+---------+-------+---------+---------+-------
